 Dungeon Crawl Stone Soup version 0.29-a0-464-g50448035db (webtiles) character file.

Game seed: 1718011356542371270

1685 Bruhh the Fighter (level 9, -12/71 HPs)
             Began as a Djinni Fire Elementalist on May 21, 2022.
             Mangled by Prince Ribbit (14 damage)
             ... on level 5 of the Dungeon.
             The game lasted 00:07:27 (8899 turns).

Bruhh the Fighter (Djinni Fire Elementalist)        Turns: 8899, Time: 00:07:28

Health: -12/71     AC:  2    Str:  7    XL:     9   Next: 22%
Gold:   346        EV: 12    Int: 21    God:
                   SH:  0    Dex: 14

rFire   + + .      SeeInvis .   (no weapon)
rCold   x . .      Faith    .   (no shield)
rNeg    . . .      Spirit   .   a - +0 robe
rPois   ∞          Reflect  .   (no helmet)
rElec   .          Harm     .   (no cloak)
rCorr   .          Rampage  .   (no gloves)
Will    .....      Clarity  +   (boots unavailable)
Stlth   +.........              (no amulet)
HPRegen 0.21/turn               (no ring)
MPRegen 0.00/turn               (no ring)

@: confused, ambrosia-drunk, flying, unable to read
A: sickness immunity, fire resistance 2, cold vulnerability 1, float, innate
caster, HP casting, extra vitality 1, clarity, screaming 1, subdued magic 1,
inability to read while threatened
a: no special abilities


You were on level 5 of the Dungeon.
You visited 1 branch of the dungeon, and saw 6 of its levels.

You collected 346 gold pieces.

Inventory:

Missiles
 d - 2 throwing nets
 g - 3 poisoned darts
Armour
 a - a +0 robe (worn)
Jewellery
 m - a ring of protection from cold
 p - a ring of protection from fire
Wands
 k - a wand of mindburst (9)
Scrolls
 c - 2 scrolls of amnesia {unknown}
 f - a scroll of magic mapping
 h - a scroll of identify {unknown}
 i - a scroll of poison
 j - a scroll of fog {unknown}
 l - 4 scrolls of teleportation {unknown}
 n - a scroll of torment {unknown}
 o - a scroll of immolation {unknown}


   Skills:
 * Level 8.3 Fighting
 - Level 2.1 Dodging
 - Level 1.5 Stealth
 + Level 6.1 Spellcasting


You couldn't memorise any spells.
You knew the following spells:

 Your Spells              Type           Power      Damage    Failure   Level
a - Foxfire               Conj/Fire      96%        2x1d8     1%          1
b - Scorch                Fire           48%        2d7       1%          2
c - Conjure Flame         Conj/Fire      24%        6-21      1%          3
d - Inner Flame           Hex/Fire       24%        N/A       1%          3
e - Flame Wave            Conj/Fire      24%        2d7       6%          4
f - Summon Small Mammal   Summ           96%        N/A       1%          1
g - Blink                 Tloc           48%        N/A       1%          2
h - Ensorcelled Hibernat  Hex/Ice        48%        N/A       1%          2
i - Summon Ice Beast      Ice/Summ       24%        N/A       6%          4
Your spell library was empty.

Dungeon Overview and Level Annotations

Branches:
Dungeon (6/15)
 Temple: D:4-7

Altars:
Qazlal

Annotations:
D:4 2 transporters, flestrin's ghost, amateur DrGl
D:5 Prince Ribbit


Innate Abilities, Weirdness & Mutations

You are immune to sickness and miasma.
You are immune to poison.
Your flesh is very heat resistant. (rF++)
You are vulnerable to cold. (rC-)
You float through the air rather than walking.
You learn spells naturally, not from books.
Your magical power is your life essence.
You have superior vitality. (+4 MHP)
You possess an exceptional clarity of mind.
You occasionally shout uncontrollably at your foes.
Your spells are a little easier to cast, but a little less powerful.
You sometimes lose the ability to read scrolls when taking damage.


Message History

The centaur shoots an arrow.
The arrow hits you. Prince Ribbit hits you! x2
You feel threatened and lose the ability to read scrolls!
The centaur shoots an arrow.
The arrow hits you.
There is a stone staircase leading up here.
Casting: Scorch (safe; 1% risk of failure)
Confirm with . or Enter, or press ? or * to list all spells.
Okay, then.
Prince Ribbit hits you!!
The centaur shoots an arrow.
The arrow misses you. Prince Ribbit completely misses you.
You fly upwards.
There is a stone staircase leading down here.
Unknown command.
Casting: Scorch (safe; 1% risk of failure)
Confirm with . or Enter, or press ? or * to list all spells.
Aiming: Inner Flame (safe; 1% risk of failure)
Press: ? - help, Dir - move target, f - Prince Ribbit
Aim: Prince Ribbit (chance to affect: 64%) Prince Ribbit struggles to resist.
* * * LOW HITPOINT WARNING * * *
Prince Ribbit hits you!
* * * LOW HITPOINT WARNING * * *
It was a potion of curing.
You feel better. Prince Ribbit hits you.
* * * LOW HITPOINT WARNING * * *
It was a potion of ambrosia.
You are confused.
You feel invigorated. Prince Ribbit hits you!
* * * LOW HITPOINT WARNING * * *
Prince Ribbit blinks!
You are too confused!
You bump into the rock wall.
You bump into the rock wall.
Prince Ribbit misses you.
You bump into the rock wall.
Prince Ribbit hits you!
* * * LOW HITPOINT WARNING * * *
You bump into the rock wall.
Prince Ribbit blinks!
You bump into the rock wall.
Prince Ribbit croaks regally.
Prince Ribbit hits you!
* * * LOW HITPOINT WARNING * * *
Prince Ribbit hits you!
You die...

#.########.# #.#### #.# ######
#.##.## #.# #.....
#.#.#.####.#################.####
#..#.........................#
...#.#.........#.#############
...........#####.# ...#.#..##.##
#F# ############ #..#.#.###..#
#@#####.........## #.#....# ##)#
#§......#######.##
#......####'####.####### #.##
####...#.......#..# #.##
#..##.......##.#### #####.##
####..+.........'....# #.......
.....##.........####.#####.######
######...........# #'#...#'# ##
########.......#####.......#####.


You could see Prince Ribbit.

Vanquished Creatures
  Pikel (D:5)
  Grinder (D:4)
  A wyvern (D:4)
  3 phantoms
  3 lemures (D:5)
  Blork the orc (D:5)
  A scorpion (D:5)
  6 killer bees (D:4)
  An orc priest (D:5)
  Ijyb (D:3)
  An orc wizard (D:5)
  4 adders
  6 gnolls
  A white imp (D:5)
  2 ufetubi (D:5)
  3 worms
  2 dart slugs
  7 orcs (D:5)
  6 ball pythons
  9 endoplasms
  A giant cockroach (D:3)
  8 goblins
  3 hobgoblins
  3 quokkas
  3 bats
  4 frilled lizards
  6 kobolds
  4 rats
92 creatures vanquished.

Vanquished Creatures (others)
  27 foxfires (D:1)
  10 plants (D:4)
37 creatures vanquished.

Grand Total: 129 creatures vanquished

Notes
Turn   | Place    | Note
-------+----------+-------------------------------------------
     0 | D:1      | Bruhh the Djinni Fire Elementalist began the quest for the
                  | Orb.
     0 | D:1      | Reached XP level 1. HP: 15/15 MP: 0/0
   470 | D:1      | Reached XP level 2. HP: 14/21 MP: 0/0
  1629 | D:1      | Found a faded altar of an unknown god.
  1711 | D:1      | Reached XP level 3. HP: 23/25 MP: 0/0
  1711 | D:1      | Learned a level 1 spell: Summon Small Mammal
  2985 | D:2      | Reached XP level 4. HP: 25/31 MP: 0/0
  3814 | D:3      | Noticed Ijyb
  3823 | D:3      | Killed Ijyb
  4474 | D:3      | Reached XP level 5. HP: 28/35 MP: 0/0
  4474 | D:3      | Learned a level 2 spell: Blink
  4736 | D:3      | Identified the +0 chain mail "Jeagruu" {Str+4 Int+4}
  5195 | D:4      | Noticed a wyvern
  5199 | D:4      | Killed a wyvern
  5200 | D:4      | Reached skill level 5 in Spellcasting
  5200 | D:4      | Reached XP level 6. HP: 33/40 MP: 0/0
  5582 | D:4      | Found a transporter.
  5584 | D:4      | Noticed flestrin's ghost (amateur DrGl)
  5589 | D:4      | Found a transporter.
  5685 | D:4      | Noticed Grinder
  5694 | D:4      | Killed Grinder
  5695 | D:4      | Reached skill level 1 in Fighting
  5695 | D:4      | Reached XP level 7. HP: 12/48 MP: 0/0
  5695 | D:4      | Learned a level 2 spell: Ensorcelled Hibernation
  5992 | D:4      | Gained mutation: You are frail. (-10% HP) [potion of
                  | mutation]
  5992 | D:4      | Gained mutation: You are partially covered in large bone
                  | plates. (SH +4) [potion of mutation]
  5992 | D:4      | Gained mutation: Your natural rate of healing is unusually
                  | fast. [potion of mutation]
  5997 | D:4      | Reached skill level 4 in Fighting
  5997 | D:4      | Reached XP level 8. HP: 18/52 MP: 0/0
  5997 | D:4      | Lost mutation: You are partially covered in large bone
                  | plates. (SH +4) [potion of mutation]
  5997 | D:4      | Lost mutation: You are frail. (-10% HP) [potion of
                  | mutation]
  5997 | D:4      | Lost mutation: Your natural rate of healing is unusually
                  | fast. [potion of mutation]
  5997 | D:4      | Gained mutation: You sometimes lose the ability to read
                  | scrolls when taking damage. [potion of mutation]
  5997 | D:4      | Gained mutation: You are dopey. (Int -2) [potion of
                  | mutation]
  5997 | D:4      | Gained mutation: Your body sometimes deteriorates upon
                  | taking damage. [potion of mutation]
  5998 | D:4      | Lost mutation: You are dopey. (Int -2) [potion of mutation]
  5998 | D:4      | Lost mutation: Your body sometimes deteriorates upon taking
                  | damage. [potion of mutation]
  5998 | D:4      | Gained mutation: You occasionally shout uncontrollably at
                  | your foes. [potion of mutation]
  5998 | D:4      | Gained mutation: You possess an exceptional clarity of
                  | mind. [potion of mutation]
  5998 | D:4      | Gained mutation: Your spells are a little easier to cast,
                  | but a little less powerful. [potion of mutation]
  6245 | D:4      | Reached skill level 5 in Fighting
  6649 | D:5      | Entered Level 5 of the Dungeon
  6923 | D:5      | Reached skill level 6 in Fighting
  7030 | D:5      | Noticed Pikel
  7053 | D:5      | Killed Pikel
  7054 | D:5      | Reached skill level 8 in Fighting
  7054 | D:5      | Reached XP level 9. HP: 44/70 MP: 0/0
  7054 | D:5      | Learned a level 4 spell: Summon Ice Beast
  7210 | D:5      | Noticed Blork the orc
  7218 | D:5      | Killed Blork the orc
  7361 | D:5      | Identified the +1 whip of Megalomania {drain, Dex+5}
  7539 | D:5      | Found a stormy altar of Qazlal.
  8025 | D:6      | Noticed Prince Ribbit
  8894 | D:5      | HP: 3/71 [Prince Ribbit (16)]
  8899 | D:5      | HP: 2/71 [Prince Ribbit (11)]
  8899 | D:5      | Mangled by Prince Ribbit

Illustrated notes

Levels and vault maps discovered:
D:1:      amcnicky_arrival_wind_blow, layout_basic,
          shapermc_ecumenical_altar_mp_vishouse
D:2:      layout_basic
D:3:      layout_rooms, uniq_ijyb
D:4:      wad_lake_hut, layout_loops_ring, gammafunk_ghost_mausoleum,
          dk_noncrumbling_4, uniq_grinder
D:5:      nicolae_cairo_tiling_very_big, layout_loops_ring,
          nicolae_qazlal_general_emergency, uniq_blork_the_orc, uniq_pikel
D:6:      minmay_inner_zag, layout_loops_ring, gammafunk_ghost_arena,
          minmay_misc_feat_square, minmay_misc_feat_cross, uniq_prince_ribbit1

Skill      XL: |  1  2  3  4  5  6  7  8 |
---------------+-------------------------+-----
Spellcasting   | 3 4 5 6 |  6.1
Fighting       | 1 4 8 |  8.3
Dodging        | |  2.1
Stealth        | |  1.5

Action                   |  1- 3 |  4- 6 |  7- 9 || total
-------------------------+-------+-------+-------++-------
Melee: Unarmed           |     4 |     1 |     6 ||    11
 Cast: Foxfire           |    16 |       |       ||    16
       Scorch            |    33 |    55 |    41 ||   129
       Inner Flame       |       |     2 |     8 ||    10
       Summon Ice Beast  |       |       |     1 ||     1
Evoke: Wand              |       |       |     1 ||     1
  Use: Potion            |       |       |     7 ||     7
       Scroll            |       |       |     3 ||     3
Armor: Robe              |     3 |     1 |     5 ||     9
Dodge: Dodged            |    10 |    15 |    35 ||    60
Block: Other             |       |       |     1 ||     1

Table legend: (Time is in decaauts)
 A = Elapsed time spent in this place.
 B = Non-inter-level travel time spent in this place.
 C = Inter-level travel time spent in this place.
 D = Time resting spent in this place.
 E = Time spent auto-exploring this place.
 F = Levels seen in this place.
 G = Mean time per level.
                   A        B        C        D        E       F      G
               +--------+--------+--------+--------+--------+-----+--------+
         Total |   8903 |   8693 |    210 |   1747 |   6363 |   6 | 1483.8 |
       Dungeon |   8903 |   8693 |    210 |   1747 |   6363 |   6 | 1483.8 |
               +--------+--------+--------+--------+--------+-----+--------+

Top non-repeatable levels by time:
     D:1: 2411 daAuts
     D:5: 2227 daAuts
     D:2: 1830 daAuts
     D:4: 1513 daAuts
     D:3: 894 daAuts
     D:6: 25 daAuts
